[Event "Sunday07 January Rapid Engine Tour 12+1 Rounds 9 Starts 1600 ST"]
[Site "Infinity Chess"]
[Date "2018.1.7"]
[Round "9"]
[White "Coco69"]
[Black "Marsell"]
[Result "1/2-1/2"]
[ECO "C55"]
[WhiteElo "2423"]
[BlackElo "2459"]
[WhiteEngine "BrainFish_180106_x64"]
[BlackEngine "asmFishW_2017-12-07_popcnt"]
[EventType "Swiss"]
[WhiteTeam ""]
[BlackTeam ""]
[PlyCount "141"]
[TimeControl "720+1"]

1. e4 e5 2. Nf3 Nc6 3. Bc4 Nf6 4. d3 Bc5 5. O-O d6 6. c3 O-O 7. h3 a6 8. Re1 Ba7 
9. a4 h6 10. Nbd2 Re8 11. b4 Be6 12. Bxe6 Rxe6 13. Qc2 Qd7 14. Rb1 Ree8 
15. Nf1 b5 16. Be3 Bxe3 17. Nxe3 Ne7 18. c4 Ng6 19. Kh2 Nf4 20. Red1 bxa4 
21. Ra1 a5 22. b5 Ne6 23. Rxa4 Nc5 24. Ra3 a4 25. Rb1 c6 26. Nf5 Rac8 
27. bxc6 Qxc6 28. Qd2 Kh7 29. Rb5 Qc7 30. N3h4 Ng8 31. Ne3 Ne7 32. Nhf5 Nxf5 
33. Nxf5 Ra8 34. Ne3 Qc6 35. Nd5 Reb8 36. Nc3 Rb7 37. Qe2 Rba7 38. Qe3 Qc8 
39. Rb6 Qd8 40. Rb5 Qd7 41. d4 Ne6 42. dxe5 dxe5 43. Rb4 Qd6 44. Nd5 Nd4 
45. Qd3 Qc5 46. Qd1 Nb3 47. Qf3 Kg8 48. Qf5 Kh8 49. Qf3 Kg8 50. Qf5 Qd6 
51. Qg4 Ra5 52. Qd1 R5a6 53. Qg4 Nd4 54. Qd1 Nb3 55. Qg4 Qc5 56. Qf5 Qa7 
57. Qxe5 Qxf2 58. Rbxa4 Rxa4 59. Rxa4 Rxa4 60. Qe8+ Kh7 61. Qxa4 Nd2 62. Qd1 f6 
63. c5 Nf1+ 64. Kh1 Ng3+ 65. Kh2 Nf1+ 66. Kh1 f5 67. exf5 Ng3+ 68. Kh2 Nf1+ 
69. Kh1 Ng3+ 70. Kh2 Nf1+ 71. Kh1 1/2-1/2

[Event "Sunday07 January Rapid Engine Tour 12+1 Rounds 9 Starts 1600 ST"]
[Site "Infinity Chess"]
[Date "2018.1.7"]
[Round "9"]
[White "ocirema"]
[Black "miguello"]
[Result "1/2-1/2"]
[ECO "B06"]
[WhiteElo "2436"]
[BlackElo "2416"]
[WhiteEngine "Stockfish_18010423_720_x64_modern_BYO_RW_CTG"]
[BlackEngine "asmFishW_2017-11-19_popcnt_CTG"]
[EventType "Swiss"]
[WhiteTeam ""]
[BlackTeam ""]
[PlyCount "136"]
[TimeControl "720+1"]

1. e4 g6 2. d4 Bg7 3. Nf3 d6 4. c4 Bg4 5. Be2 Nc6 6. Be3 e5 7. d5 Bxf3 
8. Bxf3 Nd4 9. O-O Ne7 10. Nd2 O-O 11. Be2 c5 12. Bd3 f5 13. Rc1 b6 14. Rb1 Qd7 
15. b4 Rab8 16. Qc1 Bf6 17. bxc5 bxc5 18. Rxb8 Rxb8 19. Re1 Bg7 20. Qa3 Qc7 
21. Qa6 Qd7 22. Rb1 Rxb1+ 23. Bxb1 Bf6 24. Bd3 Kg7 25. Bxd4 exd4 26. exf5 Nxf5 
27. Ne4 Bd8 28. g3 Kf8 29. Kg2 Be7 30. Bc2 Qc7 31. h3 Qb8 32. Bd3 Nh6 33. a4 Qc7 
34. Bc2 Nf7 35. f4 Bd8 36. Qb5 g5 37. Bd3 a5 38. Qb1 gxf4 39. gxf4 Bh4 
40. Qb5 Bd8 41. Qa6 Qb8 42. Qb5 Qc7 43. Kh2 Qa7 44. Qb1 Bh4 45. Qb5 Bd8 
46. Qb1 Bh4 47. Bc2 Qd7 48. Qd1 Qb7 49. Kg2 Qb2 50. Nd2 h5 51. Nf3 Bf6 
52. Kg3 Nh6 53. Nh4 Qc3+ 54. Bd3 Qa3 55. Nf3 Be7 56. Kg2 Bf6 57. Qd2 Nf7 
58. Qc2 Nh6 59. Bg6 h4 60. Qe2 Qc1 61. Qe8+ Kg7 62. f5 Qb2+ 63. Kf1 Qc1+ 
64. Kf2 Qc2+ 65. Ke1 Qc3+ 66. Kf2 Qc2+ 67. Ke1 Qc1+ 68. Kf2 Qc2+ 1/2-1/2

[Event "Sunday07 January Rapid Engine Tour 12+1 Rounds 9 Starts 1600 ST"]
[Site "Infinity Chess"]
[Date "2018.1.7"]
[Round "9"]
[White "RonWeasley"]
[Black "KillBill2017"]
[Result "1/2-1/2"]
[ECO "A00"]
[WhiteElo "2440"]
[BlackElo "2432"]
[WhiteEngine "BrainFish 060118_CTG"]
[BlackEngine "Raubfisch ME262_GTZ16b1._CTG"]
[EventType "Swiss"]
[WhiteTeam ""]
[BlackTeam ""]
[PlyCount "144"]
[TimeControl "720+1"]

1. a3 c5 2. e3 Nc6 3. d4 cxd4 4. exd4 d5 5. Be3 Nf6 6. Nf3 Bf5 7. Bd3 Bxd3 
8. Qxd3 e6 9. Nbd2 h6 10. Bf4 g5 11. Bg3 Qb6 12. O-O Bg7 13. c3 Nh5 
14. Rab1 Nxg3 15. fxg3 O-O 16. Kh1 Rad8 17. g4 f6 18. Ng1 e5 19. dxe5 fxe5 
20. Rxf8+ Bxf8 21. Qg6+ Bg7 22. Rf1 Na5 23. Qf7+ Kh8 24. Ngf3 Qxb2 25. Nxg5 Qxd2 
26. Ne6 Rg8 27. Nxg7 Rxg7 28. Qf8+ Kh7 29. Qf5+ Kg8 30. Qf8+ Kh7 31. Qf5+ Kg8 
32. Qc8+ Kh7 33. h3 Qg5 34. Rf8 Rg8 35. Qc7+ Rg7 36. Qc8 Rg8 37. Qc7+ Rg7 
38. Qxa5 h5 39. Qxd5 hxg4 40. Qe4+ Qg6 41. Rf5 gxh3 42. Rh5+ Kg8 43. Qc4+ Rf7 
44. Rxh3 Qf5 45. Rf3 Qg6 46. Qc8+ Kg7 47. Rh3 Kf6 48. Rf3+ Kg7 49. Rh3 Kf6 
50. Qh8+ Ke7 51. Qxe5+ Kd7 52. Rh4 Rh7 53. Qb5+ Kc7 54. Qc5+ Kd7 55. Qb5+ Kc7 
56. Rxh7+ Qxh7+ 57. Kg1 Qc2 58. Qc5+ Kd7 59. Qd4+ Kc6 60. Qf6+ Kd7 61. Qf7+ Kc6 
62. Qe8+ Kc7 63. Qe7+ Kc6 64. Qe6+ Kc7 65. Qe3 b6 66. Qf4+ Kc6 67. Qf3+ Kc7 
68. g3 Qc1+ 69. Kh2 Qd2+ 70. Kg1 Qc1+ 71. Kf2 Qd2+ 72. Kg1 Qc1+ 1/2-1/2

[Event "Sunday07 January Rapid Engine Tour 12+1 Rounds 9 Starts 1600 ST"]
[Site "Infinity Chess"]
[Date "2018.1.7"]
[Round "9"]
[White "Gilgamesch"]
[Black "Vimtiroba"]
[Result "1/2-1/2"]
[ECO "D31"]
[WhiteElo "2479"]
[BlackElo "2449"]
[WhiteEngine "BrainFish_171005_x64_bmi2"]
[BlackEngine "Corchess@ T2_CTG"]
[EventType "Swiss"]
[WhiteTeam ""]
[BlackTeam ""]
[PlyCount "91"]
[TimeControl "720+1"]

1. d4 d5 2. c4 e6 3. Nc3 c6 4. Nf3 Nf6 5. Bg5 h6 6. Bxf6 Qxf6 7. e3 Nd7 
8. Bd3 dxc4 9. Bxc4 g6 10. Qc2 Bg7 11. Bb3 Qe7 12. Ne4 O-O 13. O-O e5 
14. Ng3 Kh8 15. h3 a5 16. Rad1 Re8 17. d5 cxd5 18. Rxd5 a4 19. Bxa4 Rxa4 
20. Qxa4 Nb6 21. Qb5 Nxd5 22. Qxd5 Rd8 23. Qa5 Be6 24. Rc1 Rd5 25. Qc3 Kh7 
26. a3 Rd7 27. e4 b5 28. Qc6 b4 29. a4 b3 30. Qb6 Rb7 31. Qe3 Qe8 32. Ra1 Rc7 
33. Ne1 h5 34. Ne2 Bh6 35. Qf3 Bd2 36. Qf6 Bxe1 37. Rxe1 Qd7 38. Qxe5 Qd2 
39. Rf1 Rc2 40. Nf4 Bc4 41. Nd5 Bxf1 42. Nf6+ Kh6 43. Ng8+ Kh7 44. Nf6+ Kh6 
45. Ng8+ Kh7 46. Nf6+ 1/2-1/2

[Event "Sunday07 January Rapid Engine Tour 12+1 Rounds 9 Starts 1600 ST"]
[Site "Infinity Chess"]
[Date "2018.1.7"]
[Round "9"]
[White "Murx"]
[Black "SkyPilot"]
[Result "1/2-1/2"]
[ECO "A22"]
[WhiteElo "2455"]
[BlackElo "2491"]
[WhiteEngine "BrainFish_171226_x64_modern"]
[BlackEngine "stockfish_x64_bmi2_2018_01_01_CTG"]
[EventType "Swiss"]
[WhiteTeam ""]
[BlackTeam ""]
[PlyCount "77"]
[TimeControl "720+1"]

1. c4 e5 2. Nc3 Nf6 3. Nf3 Nc6 4. g3 d5 5. cxd5 Nxd5 6. Bg2 Nb6 7. O-O Be7 
8. d3 O-O 9. Be3 Be6 10. Rc1 f5 11. b4 a6 12. Bc5 Bxc5 13. bxc5 Nd7 14. e3 Qe7 
15. d4 Rad8 16. Qe2 e4 17. Nd2 Nf6 18. a3 Nd5 19. Rfe1 Qf7 20. Nxd5 Bxd5 
21. Bf1 g5 22. Nb1 Ne7 23. Nc3 c6 24. Nxd5 Nxd5 25. Rb1 Rd7 26. Rb3 h5 
27. Qb2 Re7 28. Bc4 f4 29. Bxd5 cxd5 30. exf4 gxf4 31. Kh1 fxg3 32. Rxg3+ Kh8 
33. Qe2 Qxf2 34. Qxh5+ Rh7 35. Qe5+ Rf6 36. Qe8+ Rf8 37. Qe5+ Rf6 38. Qe8+ Rf8 
39. Qe5+ 1/2-1/2

[Event "Sunday07 January Rapid Engine Tour 12+1 Rounds 9 Starts 1600 ST"]
[Site "Infinity Chess"]
[Date "2018.1.7"]
[Round "9"]
[White "THE_MACHINE"]
[Black "incredible"]
[Result "1-0"]
[ECO "B33"]
[WhiteElo "2516"]
[BlackElo "2470"]
[WhiteEngine "BrainFish_180106_x64_bmi2"]
[BlackEngine "stockfish_18010422_x64_bmi2"]
[EventType "Swiss"]
[WhiteTeam ""]
[BlackTeam ""]
[PlyCount "223"]
[TimeControl "720+1"]

1. e4 c5 2. Nf3 Nc6 3. d4 cxd4 4. Nxd4 Nf6 5. Nc3 e6 6. Nxc6 bxc6 7. e5 Nd5 
8. Ne4 Qc7 9. f4 f5 10. exf6 Nxf6 11. Nxf6+ gxf6 12. Qh5+ Kd8 13. Bd2 d5 
14. O-O-O Bd6 15. g3 Rf8 16. Bg2 Rb8 17. Rhe1 Rb7 18. Kb1 Qf7 19. Qf3 Kc7 
20. c4 Kb8 21. Bc3 h5 22. Ka1 Qg6 23. Bh3 f5 24. Bf1 h4 25. Bd4 hxg3 
26. hxg3 Be7 27. cxd5 exd5 28. Rc1 Bf6 29. Rxc6 Bxd4 30. Rxg6 Rxb2 31. Qxd5 Rb4+ 
32. Qxd4 Rxd4 33. Rb1+ Kc7 34. Rc1+ Kb8 35. Rb1+ Kc7 36. Rc1+ Kb8 37. Kb2 Rb4+ 
38. Kc3 Rb7 39. Rc2 Rd8 40. Ba6 Rb1 41. Bxc8 Rxc8+ 42. Kd2 Rd8+ 43. Ke2 Rb5 
44. Rgc6 Ra5 45. R6c5 Ra3 46. Rb5+ Ka8 47. Rb3 Ra6 48. Kf3 Rf8 49. Re2 Rg8 
50. Re5 Rf8 51. a3 Rg6 52. Rbe3 Rgg8 53. a4 Rh8 54. Re7 Rc8 55. Rf7 Rc5 
56. Ree7 Rc3+ 57. Kf2 Rh2+ 58. Kg1 Rh8 59. Rxa7+ Kb8 60. Rfb7+ Kc8 61. Rg7 Kb8 
62. Rgb7+ Kc8 63. Rg7 Kb8 64. Raf7 Rc1+ 65. Kf2 Rh2+ 66. Ke3 Re1+ 67. Kd3 Rh8 
68. Rxf5 Re6 69. Kc4 Re4+ 70. Kb5 Rd4 71. g4 Ka8 72. g5 Rd6 73. g6 Rc8 
74. Ka5 Rb8 75. Rb5 Rf8 76. Rf7 Rc8 77. g7 Rg8 78. Rf8+ Ka7 79. Rxg8 Ra6+ 
80. Kb4 Rg6 81. Ra8+ Kxa8 82. g8=Q+ Rxg8 83. Ka5 Rg4 84. Rf5 Ka7 85. Rf7+ Kb8 
86. Kb6 Rg6+ 87. Kb5 Rg3 88. f5 Rb3+ 89. Ka6 Rb4 90. a5 Kc8 91. f6 Rd4 
92. Rb7 Rd6+ 93. Rb6 Rd8 94. f7 Kc7 95. Ka7 Rf8 96. a6 Rc8 97. Re6 Rf8 
98. Rf6 Kd7 99. Kb7 Ke7 100. Rf2 Rd8 101. a7 Rd7+ 102. Kc6 Rd6+ 103. Kc5 Rd8 
104. f8=Q+ Rxf8 105. Rxf8 Kxf8 106. Kd5 Kf7 107. Ke5 Kg6 108. a8=Q Kf7 
109. Qh8 Ke7 110. Qh7+ Kd8 111. Kd6 Ke8 112. Qe7# 1-0

[Event "Sunday07 January Rapid Engine Tour 12+1 Rounds 9 Starts 1600 ST"]
[Site "Infinity Chess"]
[Date "2018.1.7"]
[Round "9"]
[White "fati64"]
[Black "KRAKEN"]
[Result "1/2-1/2"]
[ECO "C77"]
[WhiteElo "2496"]
[BlackElo "2475"]
[WhiteEngine "Raubfisch ME262_GTZ16b1."]
[BlackEngine "Raubfisch X37b2_CTG"]
[EventType "Swiss"]
[WhiteTeam ""]
[BlackTeam ""]
[PlyCount "109"]
[TimeControl "720+1"]

1. e4 e5 2. Nf3 Nc6 3. Bb5 a6 4. Ba4 Nf6 5. d3 Bc5 6. c3 d6 7. O-O O-O 8. Bg5 h6 
9. Bh4 Ba7 10. Nbd2 g5 11. Bg3 Ne7 12. Bb3 Nh5 13. Nxe5 Nxg3 14. Nxf7 Rxf7 
15. Bxf7+ Kxf7 16. hxg3 Kg7 17. a4 Bd7 18. b4 Ng6 19. d4 g4 20. b5 Qe8 
21. bxa6 bxa6 22. Qe2 a5 23. Rfe1 Qe6 24. Nc4 Rf8 25. Rab1 Bc8 26. Nxa5 Ne5 
27. Red1 Kh7 28. Nb3 h5 29. Nd2 h4 30. Qe3 hxg3 31. Qxg3 Ng6 32. Re1 Nf4 
33. Nf1 Rf7 34. Rbd1 c5 35. Qh4+ Qh6 36. Qxh6+ Kxh6 37. Ng3 Bb6 38. Rd2 Ra7 
39. Rb1 Bc7 40. dxc5 dxc5 41. Rb5 Ne6 42. Nf5+ Kg5 43. Nd4 g3 44. fxg3 Kg4 
45. Nxe6 Bxe6 46. a5 Bxa5 47. Rd6 Bf7 48. Rxc5 Bc7 49. Rf6 Bxg3 50. Rcf5 Bc4 
51. Rg6+ Kh4 52. Rh6+ Kg4 53. Rg6+ Kh4 54. Rh6+ Kg4 55. Rg6+ 1/2-1/2

[Event "Sunday07 January Rapid Engine Tour 12+1 Rounds 9 Starts 1600 ST"]
[Site "Infinity Chess"]
[Date "2018.1.7"]
[Round "9"]
[White "Prometheus"]
[Black "xeonrocks"]
[Result "1/2-1/2"]
[ECO "D02"]
[WhiteElo "2460"]
[BlackElo "2524"]
[WhiteEngine "Eman 1.58-64bit-IDeA"]
[BlackEngine "asmFishW_CTG"]
[EventType "Swiss"]
[WhiteTeam ""]
[BlackTeam ""]
[PlyCount "100"]
[TimeControl "720+1"]

1. d4 d5 2. Nf3 Nf6 3. c4 e6 4. g3 Bb4+ 5. Bd2 Be7 6. Bg2 O-O 7. O-O c6 
8. Na3 Nbd7 9. Rc1 Ne4 10. Be3 Qa5 11. Qd3 b6 12. Ne5 Nxe5 13. dxe5 Nc5 
14. Qb1 Nd7 15. cxd5 cxd5 16. Nc4 Qa6 17. f4 Bb7 18. Nd6 Bxd6 19. exd6 Rac8 
20. Bf3 Qb5 21. b4 Nf6 22. a4 Qd7 23. Qa1 Rxc1 24. Rxc1 Rc8 25. Rxc8+ Bxc8 
26. a5 Qxd6 27. axb6 axb6 28. Qa8 Qc7 29. Bd4 h6 30. Kf2 Kh7 31. Be5 Qd7 
32. Qb8 b5 33. Bxf6 gxf6 34. e4 dxe4 35. Bxe4+ f5 36. Bf3 e5 37. Qxe5 Qd2+ 
38. Be2 Qxb4 39. Qxb5 Qd2 40. h4 Qd4+ 41. Kf1 Be6 42. Qe5 Qxe5 43. fxe5 Kg7 
44. Kf2 f6 45. exf6+ Kxf6 46. Bd1 Bf7 47. Kf1 f4 48. gxf4 Kf5 49. h5 Bc4+ 
50. Ke1 Kxf4 1/2-1/2

[Event "Sunday07 January Rapid Engine Tour 12+1 Rounds 9 Starts 1600 ST"]
[Site "Infinity Chess"]
[Date "2018.1.7"]
[Round "9"]
[White "Harry_Potter"]
[Black "Susanne"]
[Result "1/2-1/2"]
[ECO "A00"]
[WhiteElo "2535"]
[BlackElo "2470"]
[WhiteEngine "stockfish_18010422_x64_bmi2_CTG"]
[BlackEngine "BrainFish_180106_x64_bmi2_CTG"]
[EventType "Swiss"]
[WhiteTeam ""]
[BlackTeam ""]
[PlyCount "73"]
[TimeControl "720+1"]

1. g3 e5 2. c4 Nf6 3. Nc3 Bb4 4. Bg2 O-O 5. e4 d6 6. Nge2 Nc6 7. d3 a5 
8. O-O Bc5 9. h3 Bd7 10. Be3 Nd4 11. f4 Rb8 12. Kh2 b5 13. Bxd4 Bxd4 
14. Nxd4 exd4 15. Nxb5 Bxb5 16. cxb5 Rxb5 17. Rf2 c5 18. Qd2 Nd7 19. Re1 Re8 
20. Bf3 a4 21. Bd1 Qa5 22. g4 Nb6 23. Kg3 Qxd2 24. Rxd2 f6 25. h4 h6 26. Rf1 d5 
27. exd5 Kf7 28. g5 Re3+ 29. Rf3 Re1 30. gxh6 gxh6 31. Rff2 Re3+ 32. Rf3 Re1 
33. Kf2 Rh1 34. Kg2 Re1 35. Kf2 Rh1 36. Kg2 Re1 37. Kf2 1/2-1/2

[Event "Sunday07 January Rapid Engine Tour 12+1 Rounds 9 Starts 1600 ST"]
[Site "Infinity Chess"]
[Date "2018.1.7"]
[Round "8"]
[White "MarioDeMonti"]
[Black "Dovahkiin"]
[Result "1/2-1/2"]
[ECO "C11"]
[WhiteElo "2419"]
[BlackElo "2393"]
[WhiteEngine "stockfish_x64_bmi2_2017_12_26_CTG"]
[BlackEngine "BrainFish_180106_x64_modern_CTG"]
[EventType "Swiss"]
[WhiteTeam ""]
[BlackTeam ""]
[PlyCount "117"]
[TimeControl "720+1"]

1. e4 e6 2. d4 d5 3. Nc3 Nf6 4. e5 Nfd7 5. f4 c5 6. Nf3 Nc6 7. Be3 cxd4 
8. Nxd4 Qb6 9. Qd2 Qxb2 10. Rb1 Qa3 11. Bb5 Nxd4 12. Bxd4 a6 13. Bxd7+ Bxd7 
14. Rb3 Qe7 15. Rxb7 Rc8 16. O-O Qd8 17. f5 exf5 18. Qd3 Bc5 19. Bxc5 Rxc5 
20. Nxd5 Bc8 21. Re7+ Kf8 22. Qa3 Qa5 23. Qxa5 Rxa5 24. Rc7 Be6 25. Nf4 Rxe5 
26. Nxe6+ Rxe6 27. Rxf5 Re7 28. Rc8+ Re8 29. Rfc5 Ke7 30. R8c7+ Kf6 31. Rc3 Rhf8 
32. Rf3+ Kg6 33. h3 Kh6 34. Rcxf7 Rxf7 35. Rxf7 Re4 36. a3 Rc4 37. Re7 a5 
38. Rd7 Ra4 39. Rd3 Rc4 40. Re3 Kg6 41. Re5 Ra4 42. Re3 Rc4 43. Re5 Ra4 
44. Re7 Rxa3 45. Ra7 a4 46. c4 h5 47. c5 h4 48. c6 Ra1+ 49. Kf2 a3 50. g3 hxg3+ 
51. Kxg3 Rg1+ 52. Kf3 Ra1 53. h4 Kh5 54. c7 Rc1 55. c8=Q Rxc8 56. Rxa3 Kxh4 
57. Ra7 Rc3+ 58. Ke2 g5 59. Kf2 1/2-1/2

[Event "Sunday07 January Rapid Engine Tour 12+1 Rounds 9 Starts 1600 ST"]
[Site "Infinity Chess"]
[Date "2018.1.7"]
[Round "8"]
[White "MGR"]
[Black "Satria_Ungu"]
[Result "1-0"]
[ECO "C55"]
[WhiteElo "2465"]
[BlackElo "2415"]
[WhiteEngine "asmFishW_2017-11-19_bmi2"]
[BlackEngine "Houdini 6_CTG"]
[EventType "Swiss"]
[WhiteTeam ""]
[BlackTeam ""]
[PlyCount "301"]
[TimeControl "720+1"]

1. e4 e5 2. Nf3 Nc6 3. Bc4 Nf6 4. d3 Bc5 5. c3 d6 6. O-O O-O 7. Bg5 a6 8. a4 h6 
9. Bh4 Ba7 10. Nbd2 a5 11. h3 Kh8 12. Bg3 Be6 13. Qb3 Qd7 14. Rae1 Rab8 
15. Qd1 Kg8 16. Kh2 Rbe8 17. Bb5 Qe7 18. Nc4 Ra8 19. Kh1 Qd8 20. Ncd2 Ne7 
21. Bc4 Qd7 22. Qb3 Bxc4 23. Nxc4 Bc5 24. Qd1 Ng6 25. Nh4 Kh7 26. b3 b5 
27. axb5 Qxb5 28. Nxg6 fxg6 29. Qc2 Nh5 30. Bh2 Nf4 31. Ra1 Ne6 32. Ra2 Rfb8 
33. Rb1 Ra6 34. Qe2 g5 35. Qg4 Re8 36. Qd1 Rea8 37. f3 Bb6 38. Ra4 Qd7 
39. Ra3 Bc5 40. Ra2 Qb5 41. Raa1 Ba7 42. Na3 Qc6 43. Nc4 Qb5 44. Bg3 Bb6 
45. Kh2 Qe8 46. Ra2 Qb5 47. Qc2 Qc6 48. Rba1 Qb5 49. Qd1 Nc5 50. Rb2 Ne6 
51. Rbb1 Qe8 52. Ra2 Qb5 53. Ra4 Nc5 54. Raa1 Ne6 55. Ra4 Nc5 56. Raa1 Ne6 
57. Rb2 Kh8 58. Kh1 Kg8 59. Rba2 Kh8 60. Na3 Qc6 61. Nc4 Qb5 62. Rb2 Kg8 
63. Kh2 Kh7 64. Qc2 Bc5 65. Rbb1 Ba7 66. Na3 Qe8 67. Nc4 Qb5 68. Ra3 h5 
69. Kh1 Bc5 70. Ra2 Rb8 71. Qd1 Kh8 72. Be1 Ba7 73. Bd2 Kh7 74. Rbb2 Nf4 
75. Bc1 Ne6 76. Kh2 h4 77. Qc2 Qc5 78. Be3 Qb5 79. Bc1 Qc5 80. Qd1 Qb5 
81. Ra1 Kg8 82. Ra4 Bc5 83. Qc2 Kh7 84. Kh1 Ba7 85. Bd2 Kh6 86. Ra3 Bc5 
87. Ra4 Ba7 88. Raa2 g6 89. Ra3 Bc5 90. Ra1 Ra7 91. Qb1 Rh8 92. Ra4 Kg7 
93. Qa1 Rha8 94. Rba2 Bf2 95. b4 axb4 96. Rxa7 Rxa7 97. Rxa7 Bxa7 98. Qxa7 bxc3 
99. Bxc3 Qb1+ 100. Qg1 Qxd3 101. Qc1 g4 102. fxg4 Qxe4 103. Be1 Qc6 104. Bd2 Nd8 
105. Bc3 Nf7 106. Nd2 Qe8 107. Nf3 c5 108. Qe3 Qe7 109. Kg1 g5 110. Qe4 Qe6 
111. Qb7 Kg6 112. Qa8 Kg7 113. Bd2 Qe7 114. Qd5 Kf6 115. Be3 Qd8 116. Nd2 Qe7 
117. Ne4+ Kg7 118. Qc6 Qd8 119. Qb7 Kg6 120. Qd5 Qe7 121. Qa8 Kh7 122. Qc8 Kg7 
123. Kh2 d5 124. Nxc5 d4 125. Bd2 e4 126. Qf5 Qe5+ 127. Qxe5+ Nxe5 128. Nxe4 Kf7 
129. Bxg5 Ke6 130. Bxh4 Kd5 131. Nf2 Nc4 132. Bg5 Nd6 133. h4 Ke6 134. Kg3 Nc4 
135. h5 Ne5 136. Bf4 Nd7 137. g5 Kf5 138. g6 Nf6 139. h6 Kxg6 140. h7 Nh5+ 
141. Kf3 Kg7 142. Be5+ Nf6 143. Bxf6+ Kxf6 144. h8=Q+ Ke6 145. Qxd4 Ke7 
146. Ne4 Ke6 147. Qd6+ Kf7 148. Ng5+ Kg7 149. g4 Kg8 150. Qg6+ Kh8 151. Nf7# 1-0

[Event "Sunday07 January Rapid Engine Tour 12+1 Rounds 9 Starts 1600 ST"]
[Site "Infinity Chess"]
[Date "2018.1.7"]
[Round "8"]
[White "IronMan"]
[Black "angriff"]
[Result "1/2-1/2"]
[ECO "A05"]
[WhiteElo "2406"]
[BlackElo "2383"]
[WhiteEngine "Stockfish SL BMI2"]
[BlackEngine "SF_64BIT_POPCNT_CTG"]
[EventType "Swiss"]
[WhiteTeam ""]
[BlackTeam ""]
[PlyCount "107"]
[TimeControl "720+1"]

1. Nf3 Nf6 2. b4 d5 3. a3 Nbd7 4. Bb2 e6 5. e3 Nb6 6. Be2 Bd6 7. O-O O-O 
8. d3 a5 9. b5 Re8 10. c4 dxc4 11. dxc4 Nfd7 12. Nfd2 Nc5 13. Bd4 Nba4 
14. Bf3 e5 15. Bxc5 Nxc5 16. Nc3 f5 17. Bd5+ Kh8 18. Na4 Rf8 19. Nxc5 Bxc5 
20. Nb3 Be7 21. a4 Bb4 22. c5 Qf6 23. Qf3 c6 24. bxc6 bxc6 25. Bc4 Be6 
26. Qe2 Qf7 27. Bxe6 Qxe6 28. Rab1 Rfd8 29. Rfd1 Rd5 30. Rxd5 Qxd5 31. Qd1 Rd8 
32. Qxd5 Rxd5 33. Kf1 Kg8 34. Ke2 Kf7 35. f3 Kg6 36. Rf1 h5 37. e4 Rd7 
38. f4 fxe4 39. fxe5 Re7 40. Rd1 Rxe5 41. Rd6+ Kg5 42. Rxc6 Rd5 43. Ra6 Rd3 
44. Nxa5 Bxc5 45. Nb7 Bg1 46. Ra5+ Kf4 47. Rxh5 g5 48. Rh8 Ra3 49. Rf8+ Ke5 
50. Re8+ Kd5 51. Rd8+ Ke5 52. Re8+ Kd5 53. Rd8+ Ke5 54. Re8+ 1/2-1/2

[Event "Sunday07 January Rapid Engine Tour 12+1 Rounds 9 Starts 1600 ST"]
[Site "Infinity Chess"]
[Date "2018.1.7"]
[Round "8"]
[White "Thinker"]
[Black "NINJA_JENGKA"]
[Result "1/2-1/2"]
[ECO "C50"]
[WhiteElo "2435"]
[BlackElo "2407"]
[WhiteEngine "BrainFish_180106_x64_modern_CTG"]
[BlackEngine "Houdini 6_CTG"]
[EventType "Swiss"]
[WhiteTeam ""]
[BlackTeam ""]
[PlyCount "49"]
[TimeControl "720+1"]

1. e4 e5 2. Nf3 Nc6 3. Bc4 Bc5 4. O-O Nf6 5. d3 h6 6. c3 d6 7. h3 O-O 8. Re1 a5 
9. Nbd2 Be6 10. a4 Ba7 11. Bxe6 fxe6 12. Nc4 Bc5 13. Be3 b6 14. Bxc5 bxc5 
15. Ra3 Nh5 16. Rb3 Qf6 17. Kh1 d5 18. exd5 exd5 19. Ncxe5 Nxe5 20. Rxe5 Nf4 
21. Rb5 Qg6 22. Nh4 Qf6 23. Nf3 Qg6 24. Nh4 Qf6 25. Nf3 1/2-1/2

[Event "Sunday07 January Rapid Engine Tour 12+1 Rounds 9 Starts 1600 ST"]
[Site "Infinity Chess"]
[Date "2018.1.7"]
[Round "8"]
[White "miguello"]
[Black "CoffeeOne"]
[Result "1/2-1/2"]
[ECO "A05"]
[WhiteElo "2413"]
[BlackElo "2477"]
[WhiteEngine "asmFishW_2017-11-19_popcnt_CTG"]
[BlackEngine "ĉfish-2018-01-07"]
[EventType "Swiss"]
[WhiteTeam ""]
[BlackTeam ""]
[PlyCount "66"]
[TimeControl "720+1"]

1. Nf3 Nf6 2. d4 d5 3. c4 e6 4. Nc3 c6 5. e3 Nbd7 6. Qc2 Bd6 7. Bd3 O-O 
8. O-O dxc4 9. Bxc4 a6 10. Rd1 b5 11. Be2 Qc7 12. Ne4 Nxe4 13. Qxe4 Bb7 
14. b3 Be7 15. Qg4 c5 16. dxc5 Nf6 17. Qg3 Qxg3 18. hxg3 Bxc5 19. Bb2 Ne4 
20. Nd2 Nxd2 21. Rxd2 Rfd8 22. Rad1 Rxd2 23. Rxd2 Rc8 24. a3 Kf8 25. b4 Bb6 
26. Bf3 Bxf3 27. gxf3 Rc6 28. f4 f6 29. Rd7 Rc2 30. Rd6 Bc7 31. Rd7 Bb6 
32. Rd6 Bc7 33. Rd7 Bb6 1/2-1/2

[Event "Sunday07 January Rapid Engine Tour 12+1 Rounds 9 Starts 1600 ST"]
[Site "Infinity Chess"]
[Date "2018.1.7"]
[Round "8"]
[White "hafaba"]
[Black "OlivierEvan"]
[Result "1/2-1/2"]
[ECO "D30"]
[WhiteElo "2422"]
[BlackElo "2366"]
[WhiteEngine "SF SL 03012018 POPCNT_CTG"]
[BlackEngine "Houdini 6"]
[EventType "Swiss"]
[WhiteTeam ""]
[BlackTeam ""]
[PlyCount "99"]
[TimeControl "720+1"]

1. d4 d5 2. c4 e6 3. Nf3 Nf6 4. Nc3 Be7 5. Bf4 O-O 6. e3 Nbd7 7. c5 Nh5 
8. a3 Nxf4 9. exf4 c6 10. b4 f6 11. Bd3 e5 12. fxe5 fxe5 13. Nxe5 Nxe5 
14. dxe5 Qc7 15. Qe2 Bf5 16. O-O Bxd3 17. Qxd3 Qxe5 18. Rae1 Qf6 19. Ne2 Qf5 
20. Qd1 Rae8 21. Nd4 Qd7 22. Re2 Bf6 23. Rfe1 Rxe2 24. Rxe2 g6 25. g3 Qg4 
26. Nb3 Qf3 27. Qc2 Kg7 28. Re3 Qh5 29. Kg2 Rd8 30. Qd3 d4 31. Re1 b6 
32. a4 Qd5+ 33. Kg1 h5 34. h4 Qf5 35. Qxf5 gxf5 36. Kg2 d3 37. Rd1 Rd5 
38. cxb6 axb6 39. a5 c5 40. bxc5 bxa5 41. Nxa5 Rxc5 42. Nb3 Rd5 43. Kf3 Bc3 
44. Ke3 d2 45. Nxd2 Ba5 46. Ke2 Re5+ 47. Kf1 Rd5 48. Ke2 Re5+ 49. Kf1 Rd5 
50. Ke2 1/2-1/2

[Event "Sunday07 January Rapid Engine Tour 12+1 Rounds 9 Starts 1600 ST"]
[Site "Infinity Chess"]
[Date "2018.1.7"]
[Round "8"]
[White "KillBill2017"]
[Black "ocirema"]
[Result "1/2-1/2"]
[ECO "C50"]
[WhiteElo "2432"]
[BlackElo "2436"]
[WhiteEngine "Raubfisch ME262_GTZ16b1._CTG"]
[BlackEngine "Stockfish_18010423_720_x64_modern_BYO_RW_CTG"]
[EventType "Swiss"]
[WhiteTeam ""]
[BlackTeam ""]
[PlyCount "85"]
[TimeControl "720+1"]

1. e4 e5 2. Nf3 Nc6 3. Bc4 Bc5 4. Bb3 Nf6 5. d3 a5 6. c3 d6 7. a4 h6 8. h3 O-O 
9. O-O d5 10. exd5 Nxd5 11. Nxe5 Nxe5 12. d4 Nb4 13. dxc5 Nbd3 14. Bc2 Qd5 
15. c4 Qd4 16. Nc3 Rd8 17. Nd5 Qxc4 18. Nxc7 Rb8 19. Ra3 Bf5 20. Rc3 Qb4 
21. Bxd3 Rxd3 22. Qe1 Rxc3 23. Qxc3 Qxc3 24. bxc3 Rd8 25. Nb5 Nc4 26. Nd6 Nxd6 
27. Rd1 Rc8 28. cxd6 Rxc3 29. Be3 Bd7 30. Rb1 Bc6 31. Rd1 Bd7 32. Rd5 Rc6 
33. Rb5 Rxd6 34. Rxb7 Bxa4 35. Ra7 Rd1+ 36. Kh2 Rd5 37. Bb6 Kh7 38. Rxf7 Bc6 
39. Rc7 Be8 40. Re7 Bc6 41. Rc7 Be8 42. Re7 Bc6 43. Rc7 1/2-1/2

[Event "Sunday07 January Rapid Engine Tour 12+1 Rounds 9 Starts 1600 ST"]
[Site "Infinity Chess"]
[Date "2018.1.7"]
[Round "8"]
[White "Vimtiroba"]
[Black "Coco69"]
[Result "1/2-1/2"]
[ECO "A07"]
[WhiteElo "2450"]
[BlackElo "2422"]
[WhiteEngine "Corchess@ T2_CTG"]
[BlackEngine "BrainFish_180106_x64"]
[EventType "Swiss"]
[WhiteTeam ""]
[BlackTeam ""]
[PlyCount "106"]
[TimeControl "720+1"]

1. Nf3 d5 2. g3 Nf6 3. Bg2 c5 4. O-O e6 5. c4 d4 6. d3 Nc6 7. e3 Bd6 8. a3 a5 
9. exd4 cxd4 10. Bg5 h6 11. Bxf6 Qxf6 12. Nbd2 Qe7 13. Ne4 Bc7 14. b4 axb4 
15. axb4 Rxa1 16. Qxa1 f5 17. Nc5 Nxb4 18. Qa4+ Kf7 19. Qxb4 Bd6 20. Ne5+ Bxe5 
21. Qb5 Bd6 22. Nxb7 Bxb7 23. Bxb7 Rb8 24. Rb1 Qc7 25. Qa6 h5 26. Rb6 Be7 
27. Rb5 g5 28. Qa7 Kg6 29. h3 Bc5 30. Qa6 Kf6 31. Bc6 h4 32. gxh4 gxh4 
33. Rxb8 Qxb8 34. Bd7 Bd6 35. Qa1 Bc5 36. Qc1 Qh8 37. Kf1 Qg7 38. Bc6 Qg5 
39. Qb1 Qf4 40. Qb2 e5 41. Qb8 Qc1+ 42. Kg2 Qg5+ 43. Kf1 Qc1+ 44. Kg2 Qh6 
45. Qd8+ Be7 46. Qc8 Qg5+ 47. Kh1 Qc1+ 48. Kg2 Qh6 49. Bd5 Qg5+ 50. Kf1 Qc1+ 
51. Kg2 Qg5+ 52. Kf1 Qc1+ 53. Kg2 Qg5+ 1/2-1/2